 Dungeon Crawl Stone Soup version 0.23-a0-650-ga4d50d4 (webtiles) character file.

1082 Borgoz the Sneak (level 8, -2/60 HPs)
             Began as a Demonspawn Gladiator on Jan 2, 2019.
             Was a Follower of Yredelemnul.
             Slain by an orc warrior
             ... wielding a +0 hand axe
              (13 damage)
             ... on level 6 of the Dungeon.
             The game lasted 00:21:13 (4845 turns).

Borgoz the Sneak (Demonspawn Gladiator)             Turns: 4845, Time: 00:21:14

Health: -2/60      AC: 10    Str: 19    XL:     8   Next: 8%
Magic:  0/8        EV: 13    Int: 21    God:    Yredelemnul [*.....]
Gold:   278        SH:  0    Dex: 17    Spells: 7/7 levels left

rFire    + . .     SeeInvis +   a - +0 rapier
rCold    . . .     Gourm    .   (no shield)
rNeg     . . .     Faith    .   e - +0 ring mail
rPois    .         Spirit   +   (helmet restricted)
rElec    .         Reflect  .   (no cloak)
rCorr    .         Harm     .   G - +2 pair of gloves
MR       .....                  (no boots)
Stlth    ++........             B - amulet of guardian spirit
HPRegen  0.20/turn              I - +6 ring of intelligence
MPRegen  0.11/turn              g - ring of see invisible

@: mighty, brilliant, flying
A: horns 2, slimy green scales 1, fire resistance 1
a: Animate Remains, Renounce Religion


You were on level 6 of the Dungeon.
You worshipped Yredelemnul.
Yredelemnul was aware of your devotion.
You were very hungry.

You visited 2 branches of the dungeon, and saw 7 of its levels.

You collected 278 gold pieces.

Inventory:

Hand Weapons
 a - a +0 rapier (weapon)
 w - a +0 dagger of speed
Missiles
 d - 3 throwing nets (quivered)
 q - 27 poisoned needles
Armour
 e - a +0 ring mail (worn)
 G - a +2 pair of gloves (worn)
Jewellery
 g - a ring of see invisible (right hand)
 p - an uncursed ring of ice
 x - a +2 ring of strength
 B - an amulet of guardian spirit (around neck)
 H - an uncursed ring of protection from magic
 I - a +6 ring of intelligence (left hand)
Wands
 A - a wand of digging (5)
Scrolls
 b - a scroll of noise {unknown}
 j - a scroll of fog {unknown}
 k - 4 scrolls of remove curse
 l - 4 scrolls of teleportation {unknown}
 r - a scroll of immolation {unknown}
 s - 3 scrolls of amnesia {unknown}
 t - 2 scrolls of blinking {unknown}
 u - 2 scrolls of random uselessness {unknown}
 v - 3 scrolls of enchant weapon {unknown}
 y - 2 scrolls of enchant armour {unknown}
 C - 2 scrolls of magic mapping {unknown}
Potions
 h - a potion of might
 i - 2 potions of agility {unknown}
 m - a potion of haste {unknown}
 n - 3 potions of heal wounds {unknown}
 o - a potion of mutation {unknown}
 z - 2 potions of brilliance
 D - a potion of ambrosia {unknown}
 E - a potion of curing {unknown}
Comestibles
 f - 13 rations


   Skills:
 + Level 4.2 Fighting
 + Level 4.4 Short Blades
 - Level 1.7 Throwing
 + Level 3.3 Armour
 + Level 4.4 Dodging
 * Level 5.2 Stealth


You had 7 spell levels left.
You didn't know any spells.
Your spell library contained the following spells:

 Spells                   Type           Power        Failure   Level  Hunger
 Sting                    Conj/Pois      ##..         3%          1    ##.....
 Poisonous Vapours        Pois/Air       ##....       5%          2    ###....
 Mephitic Cloud           Conj/Pois/Air  ##......     10%         3    ####...
 Olgreb's Toxic Radiance  Pois           ##......     28%         4    #####..
 Venom Bolt               Conj/Pois      ##........   56%         5    ######.


Dungeon Overview and Level Annotations

Branches:
Dungeon (6/15)             Temple (1/1) D:4

Altars:
Ashenzari
Cheibriados
Dithmenos
Elyvilon
Fedhas
Gozag
Hepliaklqana
Kikubaaqudgha
Makhleb
Nemelex Xobeh
Okawaru
Qazlal
Ru
Sif Muna
Trog
Uskayaw
Vehumet
Wu Jian
Xom
Yredelemnul
Zin
The Shining One


Innate Abilities, Weirdness & Mutations

You have a pair of horns on your head.
You are partially covered in slimy green scales. (AC +2)
Your flesh is heat resistant. (rF+)


Message History

The hound closely misses you. The gnoll closely misses you.
The orc warrior closely misses you.
It was a potion of might.
You feel very mighty all of a sudden. The hound bites you.
* * * LOW HITPOINT WARNING * * *
The jackal skeleton closely misses you. The hound misses you.
The orc warrior closely misses you. The jackal skeleton closely misses you.
The gnoll closely misses you.
You puncture the gnoll!
You kill the gnoll!
Yredelemnul accepts your kill.
You are feeling very hungry.
The hound bites you but does no damage.
The gnoll hits you from afar with a +0 spear!
* * * LOW HITPOINT WARNING * * *
The jackal skeleton barely misses you.
The orc warrior hits you with a +0 hand axe!
You die...
Your body rises from the dead as a mindless zombie.

## #.# #.#.### .# ######
#..... ... ....## #..
#..####...# #.#
#.....#h..### #.# #
##5Z@)g..# #.#
#.##..o.g...#######. #.#
#........)..>....... #.#
####......##.#########.#
##.#...##.# #....
##<##)(##.# #....
##...#..##g#######.#..
|######.......##.##.....###o
..............##o##.####.#.g


You could see an orc warrior, a hound, 2 gnolls, a shadow imp and a jackal
skeleton.

Vanquished Creatures
  2 ice beasts (D:5)
  An ogre (D:3)
  4 phantoms
  A scorpion (D:6)
  2 orc priests
  A gnoll shaman (D:6)
  2 orc wizards (D:4)
  3 iguanas
  A hound zombie (D:5)
  4 adders
  3 gnolls (D:6)
  An ooze (D:5)
  2 worms
  2 dart slugs
  8 leopard geckos
  16 orcs
  A ball python (D:3)
  12 bats
  7 giant cockroaches
  5 hobgoblins
  2 quokkas
  6 frilled lizards
  6 goblins
  7 kobolds
  4 rats
103 creatures vanquished.

Notes
Turn   | Place    | Note
-------+----------+-------------------------------------------
     0 | D:1      | Borgoz the Demonspawn Gladiator began the quest for the
                  | Orb.
     0 | D:1      | Reached XP level 1. HP: 16/16 MP: 1/1
    92 | D:1      | Gained mutation: Your flesh is heat resistant. (rF+)
                  | [demonic ancestry]
    92 | D:1      | Reached XP level 2. HP: 17/22 MP: 2/2
   232 | D:1      | Reached skill level 1 in Stealth
   660 | D:2      | Gained mutation: You have a pair of small horns on your
                  | head. [demonic ancestry]
   660 | D:2      | Reached XP level 3. HP: 25/27 MP: 3/3
   926 | D:2      | Reached skill level 1 in Armour
  1032 | D:2      | Found a stormy altar of Qazlal.
  1275 | D:3      | Reached XP level 4. HP: 32/34 MP: 4/4
  1360 | D:3      | Reached skill level 2 in Stealth
  2185 | D:5      | Entered Level 5 of the Dungeon
  2516 | D:5      | Noticed a phantom
  2572 | D:5      | Killed a phantom
  2572 | D:5      | Reached XP level 5. HP: 10/40 MP: 5/5
  2840 | D:5      | Reached skill level 3 in Stealth
  2884 | D:4      | Reached XP level 6. HP: 23/47 MP: 6/6
  3571 | D:4      | Found a shimmering altar of Xom.
  3611 | D:4      | Found a staircase to the Ecumenical Temple.
  3616 | Temple   | Entered the Ecumenical Temple
  3809 | Temple   | Became a worshipper of Yredelemnul the Dark
  3984 | D:4      | Reached skill level 4 in Stealth
  3984 | D:4      | Gained mutation: You have a pair of horns on your head.
                  | [demonic ancestry]
  3984 | D:4      | Reached XP level 7. HP: 21/52 MP: 3/7
  4535 | D:5      | Reached * piety under Yredelemnul
  4535 | D:5      | Reached skill level 5 in Stealth
  4535 | D:5      | Gained mutation: You are partially covered in slimy green
                  | scales. (AC +2) [demonic ancestry]
  4535 | D:5      | Reached XP level 8. HP: 20/60 MP: 5/8
  4845 | D:6      | Slain by an orc warrior

Vault maps used:
D:1:      scummos_arrival_forest, minivault_24
D:2:      nicolae_qazlal_eye_of_the_storm
D:3:      first_ration
D:4:      lemuel_round_altar, minmay_temple_entry_tees, minmay_cupped
D:5:      minmay_angry_zag
D:6:      grunt_gozag_statues
Temple:   roderic_octagonal_lattice_temple

Skill      XL: |  1  2  3  4  5  6  7 |
---------------+----------------------+-----
Stealth        | 1 2 3 4 5 |  5.2
Dodging        | 3 4 |  4.4
Armour         | 1 2 3 |  3.3
Short Blades   | 3 4 |  4.4
Fighting       | 3 4 |  4.2
Throwing       | |  1.7

Action                   |  1- 3 |  4- 6 |  7- 9 || total
-------------------------+-------+-------+-------++-------
Melee: Rapier            |   165 |   177 |   108 ||   450
       Headbutt          |     8 |    36 |    24 ||    68
  Use: Potion            |       |       |     3 ||     3
       Scroll            |       |       |     1 ||     1
 Stab: Sleeping          |     2 |       |     2 ||     4
  Eat: Chunk             |     1 |     8 |     3 ||    12
Armor: Leather armour    |    13 |       |       ||    13
       Ring mail         |    65 |    46 |    49 ||   160
Dodge: Dodged            |   128 |    78 |    80 ||   286

Table legend:
 A = Non-vault XP
 B = Vault XP
 C = Vault XP percentage of total XP
 D = Non-vault monster count
 E = Vault monster count
 F = Vault count percentage of total count
                 A         B        C        D         E       F
            +---------+---------+-------+---------+---------+-------
      Total |    1378 |     168 |  10.9 |      99 |       4 |   3.9
            +---------+---------+-------+---------+---------+-------
        D:1 |      33 |       0 |   0.0 |      20 |       0 |   0.0
        D:2 |      50 |       0 |   0.0 |      21 |       0 |   0.0
        D:3 |     177 |       0 |   0.0 |      20 |       0 |   0.0
        D:4 |     342 |       2 |   0.6 |      13 |       1 |   7.1
        D:5 |     575 |     166 |  22.4 |      16 |       3 |  15.8
        D:6 |     201 |       0 |   0.0 |       9 |       0 |   0.0
            +---------+---------+-------+---------+---------+-------
